 Dungeon Sprint DCSS version 0.30-a0-840-ga523dec638 (webtiles) character file.

Game seed: 4374430745773220192

15262 NinjaNoafa the Warrior (level 11, -2/140 (141) HPs)
             Began as a Troll Monk on Mar 2, 2023.
             Was the Champion of Wu Jian.
             Slain by a two-headed ogre
             ... wielding a +0 giant club
              (15 damage)
             ... while paralysed by an ogre mage
             ... in the Dungeon (Sprint VII: "The Pits").
             The game lasted 00:13:15 (1116 turns).

NinjaNoafa the Warrior (Troll Monk)                 Turns: 1116, Time: 00:13:16

HP:   -2/140 (141)  AC:  9    Str: 20    XL:     11   Next: 99%
MP:   10/10         EV:  1    Int:  9    God:    Wu Jian [******]
Gold: 43            SH:  0    Dex: 19    Spells: 10/10 levels left

rFire   . . .      SeeInvis .      - Unarmed
rCold   . . .      Faith    .    (no shield)
rNeg    . . .      Spirit   .    b - +0 troll leather armour
rPois   .          Reflect  .    (helmet restricted)
rElec   .          Harm     .    (no cloak)
rCorr   .          Rampage  .    (gloves unavailable)
Will    .....      NoTele   +    (boots unavailable)
Stlth   +                        (no amulet)
HPRegen 2.03/turn                n - +3 ring of dexterity
MPRegen 0.12/turn                p - +3 ring of protection

@: paralysed, in a heavenly storm, on berserk cooldown, slowed, glowing, lightly
drained
A: large, unfitting armour, claws 3, regeneration 1, shaggy fur 1, tough skin 1,
agile 1, wild magic 1
a: Renounce Religion, Wall Jump, Serpent's Lash, Heavenly Storm


You were in the Dungeon.
You worshipped Wu Jian.
Wu Jian was exalted by your worship.
You visited 1 branch You collected 43 gold pieces.

Inventory:

Hand Weapons
 C - a +3 vampiric trident
Missiles
 a - 10 large rocks (quivered)
 l - 10 stones
 y - 2 silver boomerangs
Armour
 b - a +0 troll leather armour (worn)
 z - a +0 cloak
Jewellery
 n - a +3 ring of dexterity (left claw)
 p - a +3 ring of protection (right claw)
 r - a ring of fire
 t - a ring of ice
Wands
 A - a wand of flame (16)
Scrolls
 h - 3 scrolls of blinking
 k - a scroll of butterflies
 m - 2 scrolls of vulnerability
 q - 2 scrolls of fog
 s - a scroll of magic mapping
 u - a scroll of torment
 v - 3 scrolls of identify
 w - 4 scrolls of enchant weapon
 B - 5 scrolls of amnesia
Potions
 c - 9 potions of curing
 d - 14 potions of heal wounds
 e - a potion of haste
 f - 4 potions of magic
 g - 5 potions of berserk rage
 i - 2 potions of invisibility
 j - 2 potions of flight
 o - 3 potions of brilliance
 x - a potion of mutation


   Skills:
 + Level 18.0 Fighting
 + Level 7.8 Throwing
 + Level 14.9 Dodging
 - Level 1.0 Stealth
 + Level 12.0 Unarmed Combat


You had 10 spell levels left.
You didn't know any spells.
Your spell library contained the following spells:

 Spells                   Type           Power      Damage    Failure   Level
 Conjure Ball Lightning   Conj/Air       0%         3x3d6     100%        6
 Discord                  Hex            0%         N/A       100%        8
 Disjunction              Tloc           0%         N/A       100%        8


Dungeon Overview and Level Annotations

Branches:
Dungeon (1/1)

Altars:
Ashenzari
Cheibriados
Dithmenos
Elyvilon
Fedhas
Gozag
Hepliaklqana
Kikubaaqudgha
Makhleb
Nemelex Xobeh
Okawaru
Qazlal
Ru
Sif Muna
Trog
Uskayaw
Vehumet
Wu Jian
Xom
Yredelemnul
Zin
The Shining One
Jiyva
Lugonu


Innate Abilities, Weirdness & Mutations

You are too large for most types of armour.
You have claws for hands.
Your natural rate of healing is unusually fast.
You are covered in fur. (AC +1)
You have tough skin. (AC +1)
You are agile. (Dex +4, Str/Int -1)
Your spells are a little harder to cast, but a little more powerful.


Message History

You feel yourself slow down. The gnoll completely misses you.
There is nothing to wall jump against here.
You spin and attack the gnoll.
You mangle the gnoll!!
You kill the gnoll!
The Council accepts your kill.
You spin and attack the two-headed ogre.
You claw the two-headed ogre!
The two-headed ogre is moderately wounded.
The two-headed ogre completely misses you. x2
The orc knight completely misses you.
You lunge at the ogre.
You eviscerate the ogre!!!
You kill the ogre!
The Council accepts your kill.
You spin and attack the two-headed ogre repeatedly.
You claw the two-headed ogre!
The two-headed ogre is lightly wounded.
You mangle the two-headed ogre!!
The two-headed ogre is severely wounded.
You spin and attack the two-headed ogre.
You scratch the two-headed ogre.
The two-headed ogre is moderately wounded.
The two-headed ogre completely misses you.
The two-headed ogre closely misses you. The orc knight closely misses you.
The two-headed ogre completely misses you.
The two-headed ogre hits you with a +0 giant club!
The two-headed ogre completely misses you.
The two-headed ogre closely misses you.
The orc knight hits you with a +1 dire flail of draining.
You feel drained.
* * * LOW HITPOINT WARNING * * *
The orc knight barely misses you. The orc knight closely misses you.
The ogre mage points at you and mumbles some strange words.
You suddenly lose the ability to move!
Your Unarmed Combat skill increases to level 12!
The two-headed ogre hits you with a +0 giant spiked club!!
* * * LOW HITPOINT WARNING * * *
The two-headed ogre hits you with a +0 giant club!!
* * * LOW HITPOINT WARNING * * *
The two-headed ogre hits you with a +0 giant club!
You die...

+########################
☼§☼☼☼§§§☼☼☼§☼§§oO☼§☼.....
☼§☼§☼§§§☼§☼☼§§§o@O§§.....
☼##############Oo########
§# #.§§ooo☼.# §#
#.O°O°§§.# §# ####oo####
☼# .... ☼# o...o ☼#


ooooo.. §# ##..#### You could see an orc warlord (strong), 5 orc knights, 2
two-headed ogres and an ogre mage.

Vanquished Creatures
  A catoblepas (D)
  5 death yaks (D)
  3 two-headed ogres (D)
  2 spriggans (D)
  A shadow wraith (D)
  A deep troll (D)
  2 cyclopes (D)
  Maurice (D)
  Joseph (D)
  A molten gargoyle (D)
  A smoke demon (D)
  2 cane toads (D)
  A rime drake (D)
  Psyche (D)
  2 gargoyles (D)
  A kobold demonologist (D)
  An ice devil (D)
  2 trolls (D)
  2 hornets (D)
  A tarantella (D)
  A snapping turtle (D)
  4 blink frogs (D)
  2 ynoxinuls (D)
  A redback (D)
  A basilisk (D)
  A steam dragon (D)
  A neqoxec (D)
  A warg (D)
  2 floating eyes (D)
  An ice beast (D)
  A sky beast (D)
  2 ogres (D)
  A centaur (D)
  2 bullfrogs (D)
  3 scorpions (D)
  An earth elemental (D)
  A jelly (D)
  2 gnoll boudas (D)
  2 iron imps (D)
  Jessica (D)
  2 iguanas (D)
  2 orc wizards (D)
  A mummy (D)
  7 gnolls (D)
  A river rat (D)
  An ufetubus (D)
  3 orcs (D)
  2 ball pythons (D)
  An endoplasm (D)
  3 giant cockroaches (D)
  2 hobgoblins (D)
  2 jackals (D)
  A frilled lizard (D)
  A kobold (D)
92 creatures vanquished.

Notes
Turn   | Place    | Note
-------+----------+-------------------------------------------
     0 | D        | NinjaNoafa the Troll Monk began the quest for the Orb.
     0 | D        | Reached XP level 1. HP: 22/22 MP: 0/0
    61 | D        | Found a bloodstained altar of Trog.
    61 | D        | Found a shimmering blue altar of Sif Muna.
    61 | D        | Found a viscous altar of Jiyva.
    61 | D        | Found a hazy altar of Hepliaklqana.
    61 | D        | Found an opulent altar of Gozag.
    62 | D        | Found a glowing golden altar of the Shining One.
    62 | D        | Found a glowing silver altar of Zin.
    62 | D        | Found a basalt altar of Yredelemnul.
    62 | D        | Found a shimmering altar of Xom.
    62 | D        | Found an ornate altar of the Wu Jian Council.
    62 | D        | Found a sacrificial altar of Ru.
    62 | D        | Found a stormy altar of Qazlal.
    62 | D        | Found an iron altar of Okawaru.
    62 | D        | Found a sparkling altar of Nemelex Xobeh.
    62 | D        | Found a burning altar of Makhleb.
    62 | D        | Found a blossoming altar of Fedhas.
    62 | D        | Found a white marble altar of Elyvilon.
    62 | D        | Found a shadowy altar of Dithmenos.
    62 | D        | Found a snail-covered altar of Cheibriados.
    63 | D        | Found a radiant altar of Vehumet.
    63 | D        | Found a corrupted altar of Lugonu.
    64 | D        | Found a hide-covered altar of Uskayaw.
    64 | D        | Found an ancient bone altar of Kikubaaqudgha.
    64 | D        | Found a broken altar of Ashenzari.
    70 | D        | Became a worshipper of the Wu Jian Council
    70 | D        | Reached * piety under Wu Jian
    70 | D        | Reached ** piety under Wu Jian
    90 | D        | Reached skill level 3 in Fighting
   104 | D        | Noticed a scorpion
   105 | D        | Noticed a scorpion
   110 | D        | Reached *** piety under Wu Jian
   114 | D        | Reached XP level 2. HP: 23/31 MP: 1/1
   118 | D        | Killed a scorpion
   119 | D        | Reached skill level 5 in Fighting
   119 | D        | Reached XP level 3. HP: 21/42 MP: 2/2
   119 | D        | Reached XP level 4. HP: 25/50 MP: 3/3
   120 | D        | Killed a scorpion
   121 | D        | Reached skill level 6 in Fighting
   214 | D        | Noticed a bullfrog
   232 | D        | Killed a bullfrog
   232 | D        | Reached **** piety under Wu Jian
   233 | D        | Reached skill level 7 in Fighting
   233 | D        | Reached XP level 5. HP: 49/62 MP: 4/4
   245 | D        | Noticed Jessica
   246 | D        | Killed Jessica
   246 | D        | Noticed an ogre
   275 | D        | Reached ***** piety under Wu Jian
   277 | D        | Reached XP level 6. HP: 52/71 MP: 5/5
   331 | D        | Noticed a sky beast
   331 | D        | Noticed a floating eye
   333 | D        | Killed a floating eye
   334 | D        | Reached XP level 7. HP: 78/78 MP: 6/6
   335 | D        | Reached ****** piety under Wu Jian
   341 | D        | Reached skill level 10 in Dodging
   351 | D        | Noticed a death yak
   351 | D        | Noticed a redback
   353 | D        | Killed a redback
   370 | D        | Killed a death yak
   371 | D        | Reached XP level 8. HP: 36/87 MP: 7/7
   451 | D        | Noticed a hornet
   456 | D        | Paralysed by a hornet for 1 turns
   459 | D        | Killed a hornet
   468 | D        | Noticed a troll
   471 | D        | Noticed a kobold demonologist
   482 | D        | HP: 4/87 [troll (15)]
   486 | D        | Killed a kobold demonologist
   486 | D        | Killed a troll
   487 | D        | Reached skill level 8 in Fighting
   487 | D        | Reached XP level 9. HP: 27/96 MP: 8/8
   550 | D        | Noticed a molten gargoyle
   555 | D        | Killed a molten gargoyle
   556 | D        | Reached skill level 10 in Unarmed Combat
   556 | D        | Noticed a cyclops
   566 | D        | Killed a cyclops
   567 | D        | Reached skill level 9 in Fighting
   624 | D        | Noticed a cane toad
   633 | D        | Killed a cane toad
   675 | D        | Gained mutation: You are vulnerable to heat. (rF-) [a
                  | neqoxec]
   680 | D        | Noticed Joseph
   682 | D        | Reached skill level 5 in Throwing
   683 | D        | Noticed a spriggan rider
   684 | D        | Noticed a smoke demon
   684 | D        | Noticed a rime drake
   690 | D        | Killed a smoke demon
   691 | D        | Killed a spriggan rider
   691 | D        | Killed a rime drake
   692 | D        | Reached skill level 11 in Fighting
   692 | D        | Reached XP level 10. HP: 33/114 MP: 9/9
   695 | D        | Killed Joseph
   696 | D        | Reached skill level 12 in Fighting
   725 | D        | Reached skill level 13 in Fighting
   768 | D        | Noticed a deep troll
   771 | D        | Noticed Psyche
   774 | D        | Noticed a cyclops
   774 | D        | Noticed a death yak
   774 | D        | Noticed Maurice
   775 | D        | Reached skill level 14 in Fighting
   775 | D        | Killed a deep troll
   775 | D        | Noticed a shadow wraith
   779 | D        | Noticed a death yak
   792 | D        | Noticed a death yak
   797 | D        | Killed Psyche
   798 | D        | Reached XP level 11. HP: 99/131 MP: 10/10
   798 | D        | Killed Maurice
   799 | D        | Reached skill level 15 in Fighting
   799 | D        | Killed a death yak
   800 | D        | Noticed a death yak
   805 | D        | Killed a death yak
   806 | D        | Reached skill level 16 in Fighting
   806 | D        | Killed a shadow wraith
   810 | D        | Killed a death yak
   810 | D        | Killed a death yak
   811 | D        | Reached skill level 17 in Fighting
   874 | D        | Lost mutation: You are vulnerable to heat. (rF-) [potion of
                  | mutation]
   874 | D        | Gained mutation: Your spells are a little harder to cast,
                  | but a little more powerful. [potion of mutation]
   874 | D        | Gained mutation: You are agile. (Dex +4, Str/Int -1)
                  | [potion of mutation]
  1067 | D        | Noticed a catoblepas
  1078 | D        | Killed a catoblepas
  1097 | D        | Noticed a two-headed ogre
  1097 | D        | Noticed a two-headed ogre
  1097 | D        | Noticed an orc knight
  1097 | D        | Noticed an orc knight
  1097 | D        | Noticed an orc knight
  1097 | D        | Noticed an orc knight
  1097 | D        | Noticed a two-headed ogre
  1099 | D        | Noticed an ogre mage
  1099 | D        | Noticed a two-headed ogre
  1099 | D        | Noticed a two-headed ogre
  1099 | D        | Noticed an orc knight
  1099 | D        | Noticed an orc knight
  1099 | D        | Noticed an orc warlord
  1099 | D        | Noticed an orc warlord
  1099 | D        | Killed a two-headed ogre
  1100 | D        | Noticed an orc knight
  1100 | D        | Noticed an orc knight
  1103 | D        | Killed a two-headed ogre
  1105 | D        | Killed a two-headed ogre
  1109 | D        | Reached skill level 18 in Fighting
  1115 | D        | Paralysed by an ogre mage for 2 turns
  1116 | D        | Slain by a two-headed ogre

Illustrated notes

Levels and vault maps discovered:
D:        pitsprint [storerooms_1, entrance_room_1, metal_vault_6, armoury_2,
          mini_pit_1, grid_room_1, main_hall_1, silver_pit, the_coven_3,
          the_vestibule_1, steel_vault_1, golden_pit, hallway_of_sentries,
          crystal_vault_1, iron_vault_5, final_vault]

Skill      XL: |  1  2  3  4  5  6  7  8  9 10 11 |
---------------+----------------------------------+-----
Fighting       | 3 5 7 8 11 14 18 | 18.0
Unarmed Combat | 4 6 8 9 10 12 | 12.0
Dodging        | 4 8 12 13 14 | 14.9
Throwing       | 6 7 |  7.8
Stealth        | |  1.0

Action                     |  1- 3 |  4- 6 |  7- 9 | 10-12 || total
---------------------------+-------+-------+-------+-------++-------
  Melee: Unarmed           |    30 |    49 |   104 |   173 ||   356
         Punch             |     1 |     4 |     4 |    11 ||    20
  Throw: Large rock        |       |       |     1 |     1 ||     2
 Invoke: Serpent's Lash    |       |       |     2 |       ||     2
         Heavenly Storm    |       |       |     1 |     2 ||     3
Ability: Whirlwind         |     4 |     8 |    46 |    82 ||   140
         Wall Jump         |     2 |     3 |     2 |     8 ||    15
         Lunge             |     2 |     4 |     9 |     8 ||    23
    Use: Potion            |       |     1 |     6 |     3 ||    10
   Stab: Sleeping          |     3 |     2 |     1 |       ||     6
 Armour: Robe              |     8 |     3 |    10 |       ||    21
         Troll leather arm |       |       |     6 |     5 ||    11
         Skin              |       |       |       |     1 ||     1
  Dodge: Dodged            |    13 |    17 |    73 |   137 ||   240

Table legend: (Time is in decaauts)
 A = Elapsed time spent in this place.
 B = Non-inter-level travel time spent in this place.
 C = Inter-level travel time spent in this place.
 D = Time resting spent in this place.
 E = Time spent auto-exploring this place.
 F = Levels seen in this place.
 G = Mean time per level.
                   A        B        C        D        E       F      G
               +--------+--------+--------+--------+--------+-----+--------+
         Total |   1112 |    953 |    159 |    103 |     67 |   1 | 1112.0 |
       Dungeon |   1112 |    953 |    159 |    103 |     67 |   1 | 1112.0 |
               +--------+--------+--------+--------+--------+-----+--------+

Top non-repeatable levels by time:
       D: 1112 daAuts
